 Dungeon Crawl Stone Soup version 0.24.0-1-gfbc8707 (webtiles) character file.

Game seed: 1663006806178355893, levelgen mode: deterministic

1376 Fang the Skirmisher (level 8, -1/53 HPs)
             Began as a Gargoyle Berserker on Oct 31, 2019.
             Was a Priest of Trog.
             Slain by an ogre
             ... wielding a +0 giant club
              (7 damage)
             ... on level 6 of the Dungeon.
             The game lasted 00:05:33 (3895 turns).

Fang the Skirmisher (Gargoyle Berserker)            Turns: 3895, Time: 00:05:34

Health: -1/53      AC: 17    Str: 22    XL:     8   Next: 66%
Magic:  17/17      EV:  7    Int:  9    God:    Trog [***...]
Gold:   334        SH:  0    Dex:  9    Spells: 7/7 levels left

rFire    . . .     SeeInvis .   y - +2 hand axe (flame)
rCold    . . .     Gourm    .   (no shield)
rNeg     + . .     Faith    .   b - +0 plate armour
rPois    ∞         Spirit   .   (no helmet)
rElec    +         Reflect  .   (no cloak)
rCorr    .         Harm     .   (no gloves)
MR       ++...                  (no boots)
Stlth    ..........             (no amulet)
HPRegen  1.17/turn              u - ring of magical power
MPRegen  0.15/turn              (no ring)

@: berserk cooldown, regenerating, slowed, very slow
A: negative energy resistance 1, electricity resistance, unbreathing,
petrification resistance, rot immunity, AC +5
a: Berserk, Trog's Hand, Renounce Religion


You were on level 6 of the Dungeon.
You worshipped Trog.
Trog was most pleased with you.
You were very hungry.

You visited 1 branch of the dungeon, and saw 6 of its levels.
You also visited: Sewer.

You collected 334 gold pieces.

Inventory:

Hand Weapons
 a - a +0 hand axe
 y - a +2 hand axe of flaming (weapon)
Armour
 b - a +0 plate armour (worn)
Jewellery
 u - a ring of magical power (left hand)
Wands
 B - a wand of polymorph (9)
Scrolls
 d - 2 scrolls of fog {unknown}
 g - a scroll of immolation {unknown}
 i - a scroll of fear {unknown}
 j - 2 scrolls of remove curse {unknown}
 k - a scroll of random uselessness {unknown}
 l - a scroll of magic mapping {unknown}
 n - a scroll of noise {unknown}
 o - a scroll of enchant weapon {unknown}
 p - 4 scrolls of teleportation {unknown}
 q - 3 scrolls of amnesia {unknown}
 s - 5 scrolls of identify {unknown}
 v - a scroll of blinking {unknown}
Potions
 e - 2 potions of haste {unknown}
 f - 3 potions of lignification {unknown}
 h - a potion of mutation {unknown}
 m - 5 potions of heal wounds {unknown}
 r - a potion of ambrosia {unknown}
 t - a potion of curing {unknown}
 w - a potion of might {unknown}
 z - 2 potions of flight {unknown}
 A - a potion of brilliance {unknown}
 C - 2 potions of agility {unknown}
Comestibles
 c - 10 rations


   Skills:
 * Level 7.3 Fighting
 * Level 6.1 Axes
 + Level 4.9 Armour
 + Level 3.8 Dodging


You had 7 spell levels left.
You didn't know any spells.
Your spell library was empty.

Dungeon Overview and Level Annotations

Branches:
Dungeon (6/15)              Sewer (visited)
 Temple: D:4-7

Altars:
Fedhas
Qazlal
Wu Jian
Yredelemnul

Shops:
D:5 *

Annotations:
D:6 Menkaure


Innate Abilities, Weirdness & Mutations

You are resistant to torment.
Your stone body is resilient. (AC +5)
You are immune to poison.
You resist negative energy. (rN+)
You are resistant to electric shocks. (rElec)
You can survive without breathing.
You are immune to petrification.
You are immune to rotting.


Message History

The orc wizard barely misses you. The ogre hits you with a +0 giant club.
* * * LOW HITPOINT WARNING * * *
Items here: ! )) [[ † The orc wizard hits the freed slave but does no damage.
The freed slave is poisoned.
The freed slave misses the orc wizard.
The orc wizard looks satisfied for a moment.
The orc wizard looks braver for a moment.
The freed slave hits Menkaure!
The freed slave closely misses the orc wizard.
The orc wizard completely misses you.
The freed slave hits Menkaure.
The freed slave hits the orc wizard but does no damage.
Menkaure calls on the powers of darkness!
The freed slave convulses!
The orc wizard convulses!
The freed slave convulses!
The ogre convulses!
The orc wizard convulses!
Your body is wracked with pain!
* * * LOW HITPOINT WARNING * * *
The ogre hits you with a +0 giant club!
You die...

...####..##....#
........##....
#.)#..### #
#.pM)...#.#
###.......##
..###..o..##..#
...pp....## .##
.........O##..#
........#.o@...##
........##.<....#
..........#...###
.........####.#
.......# ##
......# ... ..


You could see an ogre, Menkaure, 2 orc wizards and 3 neutral freed slaves.

Vanquished Creatures
  Pikel (D:6)
  An orc warrior (D:6)
  A slave (D:6)
  A crocodile (Sewer)
  A centaur (D:5)
  A scorpion (D:5)
  A howler monkey (D:5)
  3 crimson imps (D:5)
  2 hounds
  An orc priest (D:6)
  2 bullfrog skeletons (D:5)
  2 iguanas (D:5)
  An orc wizard (D:3)
  4 worker ants (D:5)
  A gnoll (D:1)
  8 adders
  A shadow imp (D:5)
  2 worms
  2 dart slugs
  10 leopard geckos
  5 orcs
  A ball python (D:5)
  3 giant cockroaches
  6 goblins
  6 hobgoblins
  8 jackals
  5 kobolds
  7 bats
  4 frilled lizards
  A jackal skeleton (D:4)
  A leopard gecko skeleton (D:5)
  A quokka zombie (D:5)
  4 rats
98 creatures vanquished.

Notes
Turn   | Place    | Note
-------+----------+-------------------------------------------
     0 | D:1      | Fang the Gargoyle Berserker began the quest for the Orb.
     0 | D:1      | Reached XP level 1. HP: 14/14 MP: 1/1
   228 | D:1      | Reached XP level 2. HP: 17/19 MP: 2/2
   544 | D:1      | Reached XP level 3. HP: 23/24 MP: 3/3
   789 | D:2      | Reached skill level 4 in Fighting
   793 | D:2      | Reached ** piety under Trog
   846 | D:2      | Reached XP level 4. HP: 29/29 MP: 4/4
   859 | D:2      | Found a stormy altar of Qazlal.
   936 | D:2      | Found a blossoming altar of Fedhas.
  1396 | D:3      | Reached XP level 5. HP: 31/34 MP: 5/5
  1627 | D:3      | Found a glowing drain.
  1678 | Sewer    | Entered a sewer
  1730 | Sewer    | Noticed a crocodile
  1741 | Sewer    | Killed a crocodile
  1741 | Sewer    | Reached XP level 6. HP: 34/40 MP: 6/6
  2306 | D:4      | Found an ornate altar of the Wu Jian Council.
  2422 | D:4      | Reached skill level 5 in Fighting
  2949 | D:5      | Entered Level 5 of the Dungeon
  3050 | D:5      | Reached XP level 7. HP: 36/44 MP: 7/7
  3081 | D:5      | Reached *** piety under Trog
  3086 | D:5      | Found a basalt altar of Yredelemnul.
  3273 | D:5      | Found Gut Ross's Assorted Antiques.
  3408 | D:5      | Reached skill level 5 in Axes
  3438 | D:5      | Reached skill level 6 in Fighting
  3867 | D:6      | Noticed Pikel
  3877 | D:6      | Killed Pikel
  3877 | D:6      | Reached skill level 7 in Fighting
  3877 | D:6      | Reached XP level 8. HP: 53/53 MP: 8/8
  3887 | D:6      | Noticed Menkaure
  3890 | D:6      | HP: 2/53 [ogre/+0 giant club (18)]
  3895 | D:6      | Slain by an ogre

Levels and vault maps discovered:
D:1:      lightli_arrival_maybe_door_vault, layout_loops_cross
D:2:      layout_basic, fedhas_altar_2, nicolae_qazlal_general_emergency,
          minmay_diced_spiral
D:3:      layout_loops_ring, portal_sewer_entry_f, first_ration
D:4:      layout_basic, old_standard_altar
D:5:      layout_loops_ring, old_standard_altar, serial_shops, shop,
          hangedman_minor_gate_pass
D:6:      layout_cave_pools, lemuel_coloured_pillars_altar, serial_shops,
          nicolae_shop_crystal, uniq_menkaure, uniq_grinder, uniq_duvessa,
          uniq_pikel

Skill      XL: |  1  2  3  4  5  6  7  8 |
---------------+-------------------------+-----
Axes           | 3 4 5 6 |  6.1
Dodging        | 2 3 |  3.8
Fighting       | 4 5 7 |  7.3
Armour         | 3 4 |  4.9

Action                   |  1- 3 |  4- 6 |  7- 9 || total
-------------------------+-------+-------+-------++-------
Melee: Hand axe          |    83 |   224 |   131 ||   438
Invok: Berserk           |       |     2 |     1 ||     3
       Trog's Hand       |       |       |     1 ||     1
 Stab: Distracted        |       |       |     1 ||     1
  Eat: Chunk             |       |     9 |     3 ||    12
Armor: Plate armour      |    68 |   171 |    77 ||   316
       Skin              |     1 |       |       ||     1
Dodge: Dodged            |    37 |   104 |    50 ||   191
